 Dungeon Crawl Stone Soup version 0.16-a0-2145-g6af420d (webtiles) character file.

527 smajdalf the Grappler (level 7, 0/54 (55) HPs)
             Began as a Ghoul Warper on Nov 13, 2014.
             Slain by Prince Ribbit (12 damage)
             ... on level 5 of the Dungeon.
             The game lasted 00:15:36 (5312 turns).

smajdalf the Grappler (Ghoul Warper)                Turns: 5312, Time: 00:15:36

HP:   0/54 (55)     AC:  5    Str: 15    XL:     7   Next: 23%
MP:   8/8           EV:  9    Int: 10    God:
Gold: 262           SH:  0    Dex:  8    Spells: 3 memorised, 4 levels left

rFire  + . .     SeeInvis .       - Unarmed
rCold  + . .     Clarity  .     b - +0 ring mail
rNeg   + + +     SustAb   .     (no shield)
rPois  +         Gourm    .     (no helmet)
rElec  .         Spirit   .     (no cloak)
rCorr  .         Warding  .     (no gloves)
rMut   .         Stasis   .     (no boots)
MR     .....                    (no amulet)
Stlth  ..........               (no ring)
                                o - ring of protection from fire

@: rotting, not resistant to hostile enchantments, extremely unstealthy
A: rotting body, claws 1, carnivore 3, cold resistance 1, negative energy
resistance 3, poison resistance, slow healing 1, torment resistance, unbreathing
a: no special abilities


You were on level 5 of the Dungeon.
You were not hungry.

You visited 1 branch of the dungeon, and saw 5 of its levels.

You collected 262 gold pieces.

Inventory:

Missiles
 e - 3 tomahawks of dispersal (quivered)
 y - 3 curare-tipped needles
Armour
 b - a +0 ring mail (worn)
Jewellery
 o - a ring of protection from fire (left claw)
Scrolls
 a - 9 scrolls of identify {unknown}
 d - 3 scrolls of blinking
 f - a scroll of immolation {unknown}
 g - 3 scrolls of random uselessness {unknown}
 k - a scroll of enchant armour {unknown}
 l - 2 scrolls of amnesia {unknown}
 n - 2 scrolls of recharging {unknown}
 t - a scroll of fear {unknown}
 u - a scroll of noise {unknown}
 v - a scroll of remove curse {unknown}
 w - a scroll of fog {unknown}
 x - 2 scrolls of magic mapping {unknown}
Potions
 h - a potion of restore abilities
 i - 2 potions of heal wounds
 j - 5 potions of curing
 q - a potion of invisibility
 r - a potion of resistance
 s - a potion of haste {unknown}
Books
 c - a book of Spatial Translocations

   Spells                             Type                      Level
   *Apportation                       Translocation                1
   *Blink                             Translocation                2
   *Shroud of Golubria                Charms/Translocation         2
   Portal Projectile                  Translocation                3
   Teleport Other                     Translocation                3
   Passage of Golubria                Translocation                4
Comestibles
 m - 3 meat rations
 p - 2 beef jerkies


   Skills:
 - Level 2.1 Fighting
 - Level 0.8 Throwing
 - Level 0.8 Armour
 - Level 1.7 Dodging
 + Level 8.4 Unarmed Combat
 - Level 1.7 Spellcasting
 - Level 2.6 Translocations


You had 4 spell levels left.
You knew the following spells:

 Your Spells              Type           Power        Failure   Level  Hunger
a - Apportation           Tloc           #.........   14%         1    ##.....
b - Blink                 Tloc           N/A          21%         2    ###....
c - Shroud of Golubria    Chrm/Tloc      #.........   38%         2    ###....


Dungeon Overview and Level Annotations

Branches:
Dungeon (5/15)
 Temple: D:4-7

Altars:
The Shining One

Annotations:
D:5 Prince Ribbit


Innate Abilities, Weirdness & Mutations

Your body is rotting away.
You thrive on raw meat.
You have sharp fingernails.
You are carnivorous and can eat meat at any time.
Your flesh is cold resistant.
You are immune to negative energy.
Your system is resistant to poisons.
You heal slowly when monsters are visible.
You are immune to unholy pain and torment.
You can survive without breathing.


Message History

The ogre is heavily wounded.
You barely miss the ogre.
The ogre is heavily wounded.
The ogre hits you with a giant club!!
Ouch! That really hurt!
You scratch the ogre.
The ogre is severely wounded.
The ogre hits you with a giant club!
* * * LOW HITPOINT WARNING * * *
You are too injured to fight recklessly!
You are too injured to fight recklessly!
The ogre is no longer bleeding.
Prince Ribbit comes into view.
Found a flail.
A centaur comes into view.
The centaur shouts!
Prince Ribbit hits you.
* * * LOW HITPOINT WARNING * * *
Prince Ribbit hits you!
You die...

.....#...................
.....#.....#####.#..####
....##..# # #.#..#..
###.##..##.# #.# .c...
...........# #.# ...#
.##.##..#..# #.#....# ####
.#####..#..#####O#)...#.#..#
.................F......#..#
..####..#.######@#....###..#
#.#...................# ##.#
#.#.......#.####.##...###.###
#.#.......#.####.# ...#.....#
.................. ..#.....#
#.#....################.###.#
.......#....###.........<.###
.......................<..>#
...###.#....###.........<.###


You could see Prince Ribbit, an ogre and a centaur.

Vanquished Creatures
  An ogre (D:4)
  Sigmund (D:3)
  A scorpion (D:4)
  2 orc priests
  3 orc wizards
  Ijyb (D:2)
  6 adders
  A gnoll (D:2)
  A giant mite (D:1)
  A worm (D:2)
  A giant gecko (D:1)
  6 orcs
  13 bats
  5 giant cockroaches
  5 hobgoblins
  3 jackals (D:4)
  7 kobolds
  2 ball pythons (D:2)
  8 giant newts
  10 goblins
  3 quokkas
  8 rats
89 creatures vanquished.

Vanquished Creatures (others)
  A giant newt (D:2)
1 creature vanquished.

Grand Total: 90 creatures vanquished

Notes
Turn   | Place    | Note
--------------------------------------------------------------
     0 | D:1      | smajdalf, the Ghoul Warper, began the quest for the Orb.
     0 | D:1      | Reached XP level 1. HP: 17/17 MP: 2/2
   109 | D:1      | Reached XP level 2. HP: 1/23 MP: 3/3
   138 | D:1      | Reached skill level 3 in Unarmed Combat
   890 | D:1      | Reached XP level 3. HP: 25/29 MP: 5/5
  1087 | D:2      | Noticed Ijyb
  1100 | D:2      | Killed Ijyb
  1100 | D:2      | Reached skill level 4 in Unarmed Combat
  1146 | D:2      | Reached XP level 4. HP: 36/36 MP: 5/5
  1526 | D:2      | Reached skill level 5 in Unarmed Combat
  1932 | D:2      | Reached XP level 5. HP: 26/41 MP: 6/6
  2792 | D:3      | Noticed Sigmund
  2861 | D:3      | Killed Sigmund
  2861 | D:3      | Reached skill level 6 in Unarmed Combat
  3184 | D:3      | Reached XP level 6. HP: 28/46 MP: 8/8
  3295 | D:3      | Found a glowing golden altar of the Shining One.
  3500 | D:4      | Reached skill level 7 in Unarmed Combat
  4405 | D:3      | Learned a level 2 spell: Blink
  4408 | D:3      | Learned a level 2 spell: Shroud of Golubria
  4620 | D:4      | Reached skill level 8 in Unarmed Combat
  4620 | D:4      | Reached XP level 7. HP: 55/55 MP: 8/8
  5154 | D:5      | Entered Level 5 of the Dungeon
  5310 | D:5      | Noticed Prince Ribbit
  5312 | D:5      | Slain by Prince Ribbit

Action                   |  1- 3 |  4- 6 |  7- 9 || total
-------------------------+-------+-------+-------++-------
Melee: Unarmed           |   112 |   235 |    13 ||   360
Throw: Tomahawk          |       |     2 |       ||     2
 Cast: Blink             |       |     1 |       ||     1
  Use: Potion            |       |     8 |       ||     8
 Stab: Invisible         |       |     1 |       ||     1
  Eat: Chunk             |    10 |    22 |     2 ||    34
